2515 views
Uploaded 2021-12-21 07:38:01
Game version 1.32.10
19:43 long 3on3 ladder game on (6)StranglethornVale
Saved by xzz
2515 views
Uploaded 2021-12-21 07:38:01
Game version 1.32.10
19:43 long 3on3 ladder game on (6)StranglethornVale


142 units @ 18k
/ 1.8k
51 buildings @ 7.8k
/ 2.8k


| Healing Salve | 3 | 300 |
| Lesser Clarity Potion | 2 | 140 |
| Scroll of Speed | 1 | 50 |
| Scroll of Town Portal | 1 | 350 |
| total: | 7 | 840g |
| Peon | 6 | 450 | / | 0 |
| Grunt | 9 | 1800 | / | 0 |
| Troll Headhunter | 7 | 980 | / | 140 |
| Kodo Beast | 1 | 255 | / | 60 |
| Troll Batrider | 3 | 480 | / | 120 |
| Troll Berserker | 2 | 280 | / | 40 |
| Demolisher | 1 | 220 | / | 50 |
| total: | 29 | 4465g | / | 410w |
| Watch Tower | 2 | 220 | / | 160 |
| Altar of Storms | 1 | 180 | / | 50 |
| Orc Burrow | 6 | 960 | / | 240 |
| Barracks | 1 | 180 | / | 50 |
| War Mill | 1 | 205 | / | 0 |
| Voodoo Lounge | 1 | 130 | / | 30 |
| Great Hall | 1 | 385 | / | 185 |
| Beastiary | 1 | 145 | / | 140 |
| Stronghold | 1 | 315 | / | 190 |
| Fortress | 1 | 325 | / | 190 |
| total: | 14 | 2405g | / | 855w |
| 0:03 | Peon |
| 0:03 | Peon |
| 0:03 | Peon |
| 0:04 | Peon |
| 0:36 | Altar of Storms |
| 0:45 | Orc Burrow |
| 0:49 | Barracks |
| 0:57 | Peon |
| 1:38 | Orc Burrow |
| 1:53 | Grunt |
| 2:05 | Grunt |
| 2:39 | Critical Strike |
| 3:20 | Grunt |
| 3:23 | War Mill |
| 4:07 | Orc Burrow |
| 4:15 | Grunt |
| 4:16 | Stronghold |
| 4:21 | Wind Walk |
| 4:41 | Grunt |
| 4:43 | Troll Headhunter |
| 5:10 | Spiked Barricades |
| 5:31 | Troll Headhunter |
| 5:45 | Troll Headhunter |
| 5:46 | Troll Headhunter |
| 5:57 | Critical Strike |
| 6:09 | Voodoo Lounge |
| 6:21 | Troll Headhunter |
| 6:25 | Steel Ranged Weapons |
| 6:37 | Peon |
| 6:57 | Orc Burrow |
| 7:18 | Healing Salve |
| 7:18 | Lesser Clarity Potion |
| 7:25 | Healing Salve |
| 7:31 | Pillage |
| 7:49 | Steel Armor |
| 7:49 | Thorium Armor |
| 8:21 | War Stomp |
| 9:29 | Wind Walk |
| 9:43 | Grunt |
| 9:43 | Grunt |
| 9:44 | Fortress |
| 10:55 | Troll Headhunter |
| 10:55 | Troll Headhunter |
| 10:59 | Improved Spiked Barricades |
| 11:06 | Critical Strike |
| 11:33 | Watch Tower |
| 11:45 | Troll Regeneration |
| 12:08 | Watch Tower |
| 12:20 | Beastiary |
| 12:23 | Berserker Upgrade |
| 12:50 | Lesser Clarity Potion |
| 12:51 | Scroll of Speed |
| 12:52 | Healing Salve |
| 13:01 | Berserker Strength |
| 13:07 | Steel Melee Weapons |
| 13:15 | Orc Burrow |
| 13:32 | Kodo Beast |
| 13:34 | Scroll of Town Portal |
| 13:44 | Grunt |
| 13:59 | Endurance Aura |
| 14:29 | Arcanite Armor |
| 14:32 | Grunt |
| 14:44 | Liquid Fire |
| 14:48 | War Drums Damage Increase |
| 15:50 | Bladestorm |
| 15:57 | War Stomp |
| 16:44 | Troll Batrider |
| 16:44 | Troll Batrider |
| 16:48 | Troll Berserker |
| 16:48 | Troll Berserker |
| 16:50 | Demolisher |
| 16:51 | Burning Oil |
| 17:27 | Great Hall |
| 17:55 | Troll Batrider |
| 19:19 | Orc Burrow |
| 19:38 | Wind Walk |
| Right click | 1024 |
| Select | 429 |
| Build/train/purchase | 110 |
| Use ability | 16 |
| Item give/drop | 2 |
| Misc. action | 1 |
| Remove unit | 1 |

| Wisp | 16 | 960 | / | 0 |
| Archer | 28 | 3640 | / | 280 |
| Hippogryph | 12 | 1920 | / | 240 |
| total: | 56 | 6520g | / | 520w |
| Altar of Elders | 1 | 180 | / | 50 |
| Moon Well | 9 | 1620 | / | 360 |
| Ancient of War | 1 | 150 | / | 60 |
| Hunter's Hall | 1 | 210 | / | 100 |
| Tree of Life | 1 | 340 | / | 185 |
| Ancient of Wind | 2 | 300 | / | 280 |
| Tree of Ages | 1 | 320 | / | 180 |
| Tree of Eternity | 1 | 330 | / | 200 |
| total: | 15 | 2800g | / | 1035w |
| 0:03 | Wisp |
| 0:03 | Wisp |
| 0:03 | Wisp |
| 0:07 | Altar of Elders |
| 0:26 | Moon Well |
| 0:35 | Wisp |
| 0:40 | Ancient of War |
| 0:50 | Wisp |
| 0:50 | Wisp |
| 1:09 | Wisp |
| 1:29 | Moon Well |
| 1:34 | Wisp |
| 1:40 | Wisp |
| 1:43 | Archer |
| 2:01 | Archer |
| 2:05 | Wisp |
| 2:07 | Wisp |
| 2:20 | Trueshot Aura |
| 2:32 | Archer |
| 2:33 | Archer |
| 3:05 | Moon Well |
| 3:12 | Archer |
| 3:38 | Tree of Ages |
| 4:10 | Hunter's Hall |
| 4:36 | Archer |
| 4:37 | Archer |
| 4:41 | Moon Well |
| 5:24 | Searing Arrows |
| 5:52 | Tree of Life |
| 6:16 | Ancient of Wind |
| 6:17 | Ancient of Wind |
| 6:29 | Trueshot Aura |
| 6:59 | Archer |
| 6:59 | Archer |
| 7:32 | Moon Well |
| 7:56 | Archer |
| 7:56 | Archer |
| 7:56 | Archer |
| 7:58 | Hippogryph |
| 7:58 | Hippogryph |
| 8:13 | Archer |
| 8:32 | Moon Well |
| 8:45 | Archer |
| 9:10 | Archer |
| 9:33 | Strength of the Moon |
| 9:39 | Wisp |
| 9:39 | Wisp |
| 9:40 | Wisp |
| 10:03 | Archer |
| 10:31 | Hippogryph |
| 10:55 | Moon Well |
| 11:00 | Archer |
| 11:00 | Archer |
| 11:09 | Hippogryph |
| 11:38 | Searing Arrows |
| 11:54 | Archer |
| 11:54 | Archer |
| 11:54 | Archer |
| 11:56 | Hippogryph |
| 11:58 | Improved Strength of the Moon |
| 12:06 | Moon Well |
| 12:23 | Hippogryph |
| 12:25 | Hippogryph |
| 12:36 | Hippogryph |
| 12:43 | Improved Bows |
| 12:47 | Hippogryph |
| 13:12 | Moon Well |
| 14:26 | Archer |
| 14:26 | Archer |
| 14:28 | Tree of Eternity |
| 14:30 | Moon Armor |
| 14:33 | Hippogryph |
| 15:56 | Trueshot Aura |
| 16:21 | Archer |
| 16:21 | Archer |
| 16:24 | Hippogryph |
| 16:26 | Archer |
| 16:26 | Archer |
| 16:46 | Improved Moon Armor |
| 16:51 | Marksmanship |
| 17:08 | Advanced Strength of the Moon |
| 17:41 | Starfall |
| 18:15 | Hippogryph |
| 18:18 | Archer |
| 18:45 | Wisp |
| 18:46 | Wisp |
| 19:13 | Advanced Moon Armor |
| 19:14 | Well Spring |
| 19:16 | Druid of the Talon Adept Training |
| Right click | 785 |
| Select group | 316 |
| Select | 251 |
| Build/train/purchase | 94 |
| Assign group | 32 |
| Resource trade | 11 |
| Use ability | 5 |
| Minimap ping | 4 |
| Esc | 1 |


| Peasant | 35 | 2625 | / | 0 |
| Rifleman | 17 | 3485 | / | 510 |
| Mortar Team | 5 | 900 | / | 350 |
| total: | 57 | 7010g | / | 860w |
| Altar of Kings | 1 | 180 | / | 50 |
| Blacksmith | 1 | 140 | / | 60 |
| Farm | 14 | 1120 | / | 280 |
| Barracks | 3 | 480 | / | 180 |
| Town Hall | 1 | 385 | / | 205 |
| Arcane Vault | 1 | 130 | / | 30 |
| Workshop | 1 | 140 | / | 140 |
| Keep | 2 | 640 | / | 420 |
| Castle | 2 | 720 | / | 420 |
| total: | 22 | 2575g | / | 945w |
| 0:03 | Peasant |
| 0:09 | Altar of Kings |
| 0:18 | Blacksmith |
| 0:20 | Peasant |
| 0:25 | Farm |
| 0:30 | Peasant |
| 0:46 | Peasant |
| 0:53 | Peasant |
| 0:58 | Peasant |
| 1:07 | Peasant |
| 1:30 | Barracks |
| 1:43 | Peasant |
| 1:53 | Peasant |
| 1:57 | Farm |
| 2:09 | Farm |
| 2:40 | Barracks |
| 2:48 | Rifleman |
| 2:53 | Farm |
| 3:19 | Storm Bolt |
| 3:41 | Peasant |
| 3:41 | Peasant |
| 3:41 | Peasant |
| 3:46 | Rifleman |
| 4:13 | Peasant |
| 4:13 | Peasant |
| 4:13 | Peasant |
| 4:30 | Town Hall |
| 4:36 | Peasant |
| 4:40 | Farm |
| 4:44 | Farm |
| 5:10 | Bash |
| 5:40 | Rifleman |
| 5:52 | Black Gunpowder |
| 6:18 | Keep |
| 6:26 | Peasant |
| 6:26 | Peasant |
| 6:26 | Peasant |
| 6:43 | Farm |
| 6:47 | Farm |
| 6:49 | Farm |
| 6:50 | Farm |
| 6:51 | Farm |
| 7:04 | Rifleman |
| 7:04 | Rifleman |
| 7:20 | Rifleman |
| 7:23 | Studded Leather Armor |
| 7:23 | Reinforced Leather Armor |
| 7:38 | Rifleman |
| 7:43 | Peasant |
| 9:24 | Rifleman |
| 9:24 | Rifleman |
| 9:24 | Rifleman |
| 9:24 | Rifleman |
| 9:43 | Refined Gunpowder |
| 10:09 | Long Rifles |
| 10:14 | Barracks |
| 10:27 | Peasant |
| 10:28 | Peasant |
| 10:32 | Dragonhide Armor |
| 11:43 | Storm Bolt |
| 11:50 | Peasant |
| 11:51 | Peasant |
| 11:51 | Peasant |
| 11:51 | Peasant |
| 11:51 | Peasant |
| 11:55 | Rifleman |
| 11:55 | Rifleman |
| 11:55 | Rifleman |
| 12:05 | Holy Light |
| 12:32 | Rifleman |
| 12:48 | Arcane Vault |
| 12:54 | Workshop |
| 13:55 | Divine Shield |
| 14:14 | Bash |
| 14:25 | Peasant |
| 14:25 | Peasant |
| 14:25 | Peasant |
| 14:25 | Peasant |
| 14:25 | Peasant |
| 14:35 | Castle |
| 14:41 | Mortar Team |
| 14:41 | Mortar Team |
| 14:41 | Mortar Team |
| 15:40 | Holy Light |
| 16:55 | Peasant |
| 16:55 | Peasant |
| 16:55 | Peasant |
| 17:00 | Imbued Gunpowder |
| 17:03 | Rifleman |
| 17:03 | Rifleman |
| 17:09 | Storm Bolt |
| 17:46 | Farm |
| 17:47 | Farm |
| 17:48 | Farm |
| 17:53 | Mortar Team |
| 17:53 | Mortar Team |
| Right click | 561 |
| Select | 238 |
| Build/train/purchase | 85 |
| Use ability | 21 |
| Remove unit | 1 |
| Minimap ping | 1 |
126 units @ 15.8k
/ 2.1k
48 buildings @ 7.9k
/ 3.8k


| Lesser Clarity Potion | 2 | 140 |
| Healing Salve | 2 | 200 |
| Scroll of Speed | 1 | 50 |
| total: | 5 | 390g |
| Peon | 7 | 525 | / | 0 |
| Grunt | 2 | 400 | / | 0 |
| Troll Headhunter | 11 | 1540 | / | 220 |
| Raider | 5 | 900 | / | 200 |
| Wind Rider | 1 | 265 | / | 40 |
| Shaman | 2 | 260 | / | 40 |
| Troll Berserker | 5 | 700 | / | 100 |
| total: | 33 | 4590g | / | 600w |
| Watch Tower | 3 | 330 | / | 240 |
| Altar of Storms | 1 | 180 | / | 50 |
| Orc Burrow | 5 | 800 | / | 200 |
| Barracks | 1 | 180 | / | 50 |
| War Mill | 1 | 205 | / | 0 |
| Voodoo Lounge | 2 | 260 | / | 60 |
| Beastiary | 3 | 435 | / | 420 |
| Spirit Lodge | 1 | 150 | / | 150 |
| Stronghold | 1 | 315 | / | 190 |
| Fortress | 1 | 325 | / | 190 |
| total: | 17 | 2540g | / | 1170w |
| 0:07 | Peon |
| 0:17 | Altar of Storms |
| 0:18 | Orc Burrow |
| 0:24 | Peon |
| 0:44 | Peon |
| 0:50 | Orc Burrow |
| 1:08 | Peon |
| 1:08 | Peon |
| 1:28 | Barracks |
| 1:37 | Peon |
| 1:59 | War Mill |
| 2:16 | Wind Walk |
| 3:03 | Grunt |
| 3:03 | Grunt |
| 3:21 | Watch Tower |
| 3:26 | Orc Burrow |
| 4:03 | Troll Headhunter |
| 4:12 | Voodoo Lounge |
| 4:16 | Stronghold |
| 4:27 | Orc Burrow |
| 4:40 | Troll Headhunter |
| 5:04 | Troll Headhunter |
| 5:04 | Troll Headhunter |
| 5:25 | Lesser Clarity Potion |
| 5:25 | Healing Salve |
| 5:25 | Healing Salve |
| 5:31 | Lesser Clarity Potion |
| 5:40 | Scroll of Speed |
| 5:46 | Troll Headhunter |
| 6:18 | Critical Strike |
| 6:44 | Troll Headhunter |
| 6:57 | Watch Tower |
| 7:08 | Beastiary |
| 7:09 | Beastiary |
| 7:41 | Feral Spirit |
| 9:17 | Critical Strike |
| 9:46 | Troll Headhunter |
| 9:46 | Troll Headhunter |
| 9:47 | Fortress |
| 9:52 | Raider |
| 9:59 | Spirit Lodge |
| 10:02 | Voodoo Lounge |
| 10:07 | Beastiary |
| 10:26 | Watch Tower |
| 10:38 | Ensnare |
| 10:57 | Troll Headhunter |
| 11:10 | Shaman Adept Training |
| 11:12 | Wind Rider |
| 11:13 | Raider |
| 11:20 | Troll Headhunter |
| 11:44 | Troll Headhunter |
| 11:50 | Raider |
| 12:07 | Orc Burrow |
| 12:21 | Shaman |
| 12:26 | Peon |
| 13:01 | Shaman Master Training |
| 13:49 | Chain Lighting |
| 14:21 | Raider |
| 14:23 | Raider |
| 14:27 | Berserker Upgrade |
| 14:30 | Shaman |
| 15:33 | Troll Berserker |
| 15:33 | Troll Berserker |
| 15:34 | Troll Berserker |
| 15:34 | Troll Berserker |
| 15:34 | Troll Berserker |
| Right click | 795 |
| Select | 262 |
| Build/train/purchase | 79 |
| Select group | 70 |
| Assign group | 21 |
| Chat | 19 |
| Use ability | 15 |
| Minimap ping | 5 |
| Resource trade | 5 |
| Misc. action | 1 |

| Lesser Clarity Potion | 1 | 70 |
| Potion of Healing | 1 | 150 |
| Potion of Mana | 1 | 200 |
| Anti-magic Potion | 1 | 100 |
| Dust of Appearance | 1 | 75 |
| Scroll of Town Portal | 1 | 350 |
| Boots of Speed | 1 | 250 |
| Potion of Invisibility | 1 | 100 |
| Orb of Lightning | 1 | 375 |
| total: | 9 | 1670g |
| Wisp | 11 | 660 | / | 0 |
| Archer | 28 | 3640 | / | 280 |
| Chimaera | 3 | 990 | / | 210 |
| Goblin Shredder | 2 | 750 | / | 200 |
| Goblin Sapper | 1 | 215 | / | 100 |
| total: | 45 | 6255g | / | 790w |
| Altar of Elders | 2 | 360 | / | 100 |
| Moon Well | 4 | 720 | / | 160 |
| Ancient of War | 2 | 300 | / | 120 |
| Hunter's Hall | 1 | 210 | / | 100 |
| Ancient of Wonders | 1 | 90 | / | 30 |
| Tree of Life | 1 | 340 | / | 185 |
| Chimaera Roost | 3 | 420 | / | 570 |
| Tree of Ages | 1 | 320 | / | 180 |
| Tree of Eternity | 1 | 330 | / | 200 |
| total: | 14 | 2440g | / | 1265w |
| 0:22 | Altar of Elders |
| 0:26 | Altar of Elders |
| 0:28 | Moon Well |
| 0:30 | Wisp |
| 0:30 | Wisp |
| 1:00 | Ancient of War |
| 1:03 | Wisp |
| 1:03 | Wisp |
| 1:25 | Wisp |
| 1:51 | Moon Well |
| 1:53 | Wisp |
| 2:03 | Archer |
| 2:17 | Archer |
| 2:28 | Wisp |
| 2:39 | Archer |
| 2:42 | Shadow Strike |
| 2:50 | Moon Well |
| 3:14 | Archer |
| 3:19 | Hunter's Hall |
| 3:35 | Archer |
| 4:11 | Archer |
| 4:22 | Wisp |
| 4:25 | Ancient of Wonders |
| 4:30 | Blink |
| 4:36 | Tree of Ages |
| 4:39 | Archer |
| 5:02 | Archer |
| 5:03 | Archer |
| 5:09 | Strength of the Moon |
| 5:40 | Archer |
| 5:50 | Goblin Shredder |
| 6:22 | Archer |
| 6:25 | Moon Armor |
| 6:33 | Boots of Speed |
| 6:46 | Dust of Appearance |
| 6:50 | Shadow Strike |
| 7:11 | Improved Bows |
| 7:11 | Archer |
| 7:12 | Archer |
| 7:18 | Moon Well |
| 7:49 | Goblin Sapper |
| 9:17 | Blink |
| 9:34 | Archer |
| 9:34 | Archer |
| 9:43 | Shadow Strike |
| 10:10 | Archer |
| 10:13 | Ancient of War |
| 10:36 | Goblin Shredder |
| 10:52 | Archer |
| 10:53 | Tree of Eternity |
| 11:08 | Archer |
| 11:50 | Tree of Life |
| 11:58 | Lesser Clarity Potion |
| 12:03 | Archer |
| 12:23 | Archer |
| 12:31 | Potion of Invisibility |
| 12:38 | Archer |
| 12:51 | Improved Moon Armor |
| 14:37 | Chimaera Roost |
| 14:40 | Chimaera Roost |
| 14:42 | Chimaera Roost |
| 14:49 | Wisp |
| 14:49 | Wisp |
| 14:49 | Wisp |
| 14:52 | Archer |
| 14:53 | Archer |
| 15:34 | Potion of Healing |
| 15:35 | Potion of Mana |
| 15:37 | Orb of Lightning |
| 16:06 | Spirit of Vengeance |
| 16:20 | Archer |
| 16:24 | Chimaera |
| 16:35 | Scroll of Town Portal |
| 16:37 | Anti-magic Potion |
| 16:50 | Chimaera |
| 16:59 | Marksmanship |
| 18:19 | Chimaera |
| 18:25 | Archer |
| 18:25 | Archer |
| 18:33 | Archer |
| 19:11 | Archer |
| Right click | 936 |
| Select | 293 |
| Select group | 96 |
| Build/train/purchase | 88 |
| Use ability | 44 |
| Chat | 27 |
| Assign group | 23 |
| Esc | 3 |
| Misc. action | 2 |
| Minimap ping | 2 |
| Item give/drop | 1 |


| Lesser Clarity Potion | 4 | 280 |
| Potion of Healing | 6 | 900 |
| Scroll of Healing | 5 | 1250 |
| Scroll of Town Portal | 4 | 1400 |
| Boots of Speed | 1 | 250 |
| Potion of Lesser Invulnerability | 2 | 300 |
| total: | 22 | 4380g |
| Wisp | 29 | 1740 | / | 0 |
| Archer | 7 | 910 | / | 70 |
| Huntress | 3 | 585 | / | 60 |
| Dryad | 5 | 725 | / | 300 |
| Mountain Giant | 2 | 700 | / | 200 |
| Hippogryph | 2 | 320 | / | 40 |
| total: | 48 | 4980g | / | 670w |
| Ancient Protector | 3 | 405 | / | 240 |
| Altar of Elders | 1 | 180 | / | 50 |
| Moon Well | 6 | 1080 | / | 240 |
| Ancient of War | 1 | 150 | / | 60 |
| Hunter's Hall | 1 | 210 | / | 100 |
| Tree of Life | 1 | 340 | / | 185 |
| Ancient of Wonders | 1 | 90 | / | 30 |
| Ancient of Lore | 2 | 310 | / | 290 |
| Ancient of Wind | 1 | 150 | / | 140 |
| Tree of Ages | 1 | 320 | / | 180 |
| Tree of Eternity | 1 | 330 | / | 200 |
| total: | 17 | 2915g | / | 1335w |
| 0:02 | Wisp |
| 0:03 | Wisp |
| 0:07 | Altar of Elders |
| 0:14 | Moon Well |
| 0:17 | Wisp |
| 0:17 | Wisp |
| 0:47 | Ancient of War |
| 0:50 | Wisp |
| 0:50 | Wisp |
| 0:52 | Wisp |
| 1:12 | Wisp |
| 1:25 | Wisp |
| 1:29 | Moon Well |
| 1:48 | Archer |
| 1:55 | Moon Well |
| 2:09 | Force of Nature |
| 2:24 | Archer |
| 2:25 | Wisp |
| 2:26 | Wisp |
| 2:42 | Archer |
| 2:42 | Archer |
| 3:00 | Archer |
| 3:01 | Archer |
| 3:21 | Hunter's Hall |
| 3:42 | Entangling Roots |
| 4:01 | Archer |
| 4:03 | Tree of Ages |
| 4:47 | Force of Nature |
| 4:56 | Tree of Life |
| 4:59 | Moon Well |
| 5:25 | Ancient of Wonders |
| 5:51 | Moon Well |
| 6:00 | Ancient Protector |
| 6:22 | Boots of Speed |
| 7:11 | Healing Spray |
| 7:27 | Potion of Lesser Invulnerability |
| 7:27 | Scroll of Healing |
| 7:35 | Scroll of Healing |
| 7:49 | Wisp |
| 7:49 | Wisp |
| 7:49 | Wisp |
| 7:49 | Wisp |
| 7:52 | Wisp |
| 9:13 | Huntress |
| 9:13 | Huntress |
| 9:19 | Wisp |
| 9:19 | Wisp |
| 9:23 | Ancient Protector |
| 9:27 | Lesser Clarity Potion |
| 9:27 | Potion of Healing |
| 9:35 | Scroll of Town Portal |
| 9:36 | Potion of Healing |
| 9:36 | Lesser Clarity Potion |
| 9:49 | Wisp |
| 9:49 | Wisp |
| 9:49 | Wisp |
| 9:55 | Ancient of Lore |
| 9:58 | Ancient of Lore |
| 10:01 | Wisp |
| 10:01 | Wisp |
| 10:01 | Wisp |
| 10:03 | Wisp |
| 10:13 | Scroll of Healing |
| 10:20 | Scroll of Healing |
| 10:31 | Huntress |
| 10:37 | Wisp |
| 10:37 | Wisp |
| 10:53 | Strength of the Wild |
| 11:39 | Entangling Roots |
| 11:40 | Acid Bomb |
| 11:56 | Abolish Magic |
| 11:57 | Dryad |
| 11:58 | Dryad |
| 12:02 | Scroll of Town Portal |
| 12:02 | Lesser Clarity Potion |
| 12:09 | Potion of Healing |
| 12:09 | Potion of Healing |
| 12:13 | Tree of Eternity |
| 12:17 | Scroll of Healing |
| 12:25 | Potion of Lesser Invulnerability |
| 12:35 | Dryad |
| 12:37 | Reinforced Hides |
| 13:04 | Mountain Giant |
| 13:06 | Mountain Giant |
| 13:34 | Improved Strength of the Wild |
| 14:28 | Ancient of Wind |
| 14:30 | Dryad |
| 14:38 | Lesser Clarity Potion |
| 14:51 | Moon Well |
| 14:55 | Ancient Protector |
| 14:57 | Wisp |
| 14:57 | Wisp |
| 15:08 | Scroll of Town Portal |
| 15:33 | Healing Spray |
| 16:04 | Potion of Healing |
| 16:05 | Potion of Healing |
| 16:16 | Dryad |
| 16:18 | Hippogryph |
| 16:18 | Hippogryph |
| 16:21 | Scroll of Town Portal |
| Select group | 1248 |
| Right click | 419 |
| Select | 375 |
| Misc. action | 171 |
| Build/train/purchase | 109 |
| Use ability | 42 |
| Assign group | 27 |
| Item give/drop | 5 |
| Esc | 4 |
| Minimap ping | 2 |
⇛